 Dungeon Crawl Stone Soup version 0.22-a0-558-gc2241811a9 (webtiles) character file.

235 Hercules1031 the Firebug (level 5, 0/38 HPs)
             Began as a Demigod Fire Elementalist on June 27, 2018.
             Slain by an orc wizard
             ... wielding a +0 dagger
              (3 damage)
             ... on level 3 of the Dungeon.
             The game lasted 00:09:30 (2151 turns).

Hercules1031 the Firebug (DgFE)                     Turns: 2151, Time: 00:09:31

Health: 0/38       AC:  5    Str: 11    XL:     5   Next: 47%
Magic:  2/12       EV: 13    Int: 21    God:
Gold:   119        SH:  0    Dex: 16    Spells: 4/10 levels left

rFire    . . .     SeeInvis .   e - +0 scythe
rCold    . . .     Gourm    .   (shield currently unavailable)
rNeg     + . .     Faith    .   h - +2 robe {rN+}
rPois    .         Spirit   .   (no helmet)
rElec    .         Reflect  .   (no cloak)
rCorr    .         Harm     .   (no gloves)
MR       .....                  i - +0 pair of boots (curse)
Stlth    +++.......             (no amulet)
HPRegen  0.12/turn              g - ring of stealth
MPRegen  0.13/turn              (no ring)

@: no status effects
A: high mp 1
a: no special abilities


You were on level 3 of the Dungeon.
You were not hungry.

You visited 1 branch of the dungeon, and saw 3 of its levels.

You collected 119 gold pieces.

Inventory:

Hand Weapons
 e - a +0 scythe (weapon)
Armour
 a - a +0 robe
 h - a +2 robe of positive energy (worn)
 i - a cursed +0 pair of boots (worn)
 m - a cursed +0 ring mail
Jewellery
 g - a ring of stealth (left hand)
Scrolls
 b - a scroll of teleportation
 f - a scroll of identify
 n - a scroll of enchant armour {unknown}
 p - a scroll of immolation {unknown}
Comestibles
 c - 6 rations


   Skills:
 + Level 0.3 Polearms
 + Level 1.3 Armour
 + Level 2.7 Dodging
 - Level 1.7 Stealth
 * Level 3.3 Spellcasting
 + Level 2.2 Conjurations
 + Level 3.4 Fire Magic


You had 4 spell levels left.
You knew the following spells:

 Your Spells              Type           Power        Failure   Level  Hunger
a - Flame Tongue          Conj/Fire      ###..        4%          1    None
b - Throw Flame           Conj/Fire      ###...       6%          2    ##.....
c - Conjure Flame         Conj/Fire      ###.....     12%         3    ###....

Your spell library contained the following spells:

 Spells                   Type           Power        Failure   Level  Hunger
 Fireball                 Conj/Fire      ###.......   73%         5    ######.
 Sticky Flame             Conj/Fire      ###.....     36%         4    ####...
 Inner Flame              Hex/Fire       ##......     19%         3    ###....


Dungeon Overview and Level Annotations

Branches:
Dungeon (3/15)


Innate Abilities, Weirdness & Mutations

You have an increased reservoir of magic. (+10% MP)


Message History

The orc wizard hits you but does no damage.
The orc hits you but does no damage.
You hear some strange, mumbled words.
A magic dart appears from out of thin air!
The magic dart hits you!
You closely miss the orc wizard.
The orc wizard is heavily wounded.
The orc wizard hits you with a dagger. The orc closely misses you.
The orc wizard hits you with a dagger.
* * * LOW HITPOINT WARNING * * *
The orc hits you but does no damage. Something hits you but does no damage.
The orc closely misses you. The orc wizard closely misses you.
The orc closely misses you. Something hits you.
* * * LOW HITPOINT WARNING * * *
Unknown command.
You aren't carrying any potions.
You closely miss something. The orc wizard hits you with a dagger.
* * * LOW HITPOINT WARNING * * *
The orc completely misses you. The orc wizard hits you with a dagger.
You die...

..#..# ###
...... ..#
...... #.#
......# #.#
.....o. #.#
#....)) #.##
#....).##..#
......ooo@o#
######.##o†#
#. #..# #.
#..# #. #..#
#$ #..# #.
#..# .. ....


You could see an orc wizard and 4 orcs.

Vanquished Creatures
  Sigmund (D:2)
  An orc wizard (D:3)
  An adder (D:2)
  A worm (D:2)
  2 dart slugs (D:1)
  3 leopard geckos
  3 orcs (D:3)
  A bat (D:1)
  3 giant cockroaches
  4 goblins (D:1)
  2 hobgoblins (D:1)
  5 frilled lizards
  4 kobolds
  3 rats
34 creatures vanquished.

Notes
Turn   | Place    | Note
-------+----------+-------------------------------------------
     0 | D:1      | Hercules1031 the Demigod Fire Elementalist began the quest for the Orb.
     0 | D:1      | Reached XP level 1. HP: 14/14 MP: 5/5
    47 | D:1      | Reached skill level 1 in Conjurations
   228 | D:1      | Reached XP level 2. HP: 14/20 MP: 5/7
   234 | D:1      | Learned a level 2 spell: Throw Flame
  1159 | D:2      | Reached XP level 3. HP: 26/26 MP: 1/9
  1164 | D:2      | Learned a level 3 spell: Conjure Flame
  1722 | D:2      | Noticed Sigmund
  1785 | D:2      | Killed Sigmund
  1785 | D:2      | Reached skill level 1 in Armour
  1785 | D:2      | Reached XP level 4. HP: 6/33 MP: 2/11
  1785 | D:2      | Reached XP level 5. HP: 7/38 MP: 2/12
  2151 | D:3      | Slain by an orc wizard

Vault maps used:
D:1:      matt_arrival_diagonals
D:2:      minmay_stone_trees_small, grunt_ministairs_1,
          grunt_decor_mini_mirrors, uniq_sigmund
D:3:      minmay_goblin_kobold_castle, serial_bayou_pond_b

Skill      XL: |  1  2  3 |
---------------+----------+-----
Conjurations   | 1 2 |  2.2
Spellcasting   | 2 3 |  3.3
Dodging        | 2 |  2.7
Fire Magic     | 3 |  3.4
Armour         | 1 |  1.3
Polearms       | |  0.3
Stealth        | |  1.7

Action                   |  1- 3 |  4- 6 || total
-------------------------+-------+-------++-------
Melee: Unarmed           |    28 |       ||    28
       Scythe            |       |     6 ||     6
 Cast: Flame Tongue      |    29 |    17 ||    46
       Throw Flame       |    21 |       ||    21
       Conjure Flame     |     1 |       ||     1
  Use: Scroll            |     3 |     1 ||     4
       Potion            |     6 |       ||     6
  Eat: Ration            |     2 |       ||     2
Armor: Leather armour    |     3 |       ||     3
       Skin              |     8 |       ||     8
       Robe              |       |    12 ||    12
Dodge: Dodged            |    20 |    19 ||    39

Table legend:
 A = Spawn XP
 B = Non-spawn XP
 C = Spawn XP percentage of total XP
 D = Spawn monster count
 E = Non-spawn monster count
 F = Spawn count percentage of total count
 G = Total turns spent on level
                    A         B        C        D         E        F      G
               +---------+---------+-------+---------+---------+-------+---------
         Total |       0 |     337 |   0.0 |       0 |      34 |   0.0 |  2151
               +---------+---------+-------+---------+---------+-------+---------
           D:1 |       0 |      36 |   0.0 |       0 |      20 |   0.0 |   808
           D:2 |       0 |     251 |   0.0 |       0 |       9 |   0.0 |  1321
           D:3 |       0 |      50 |   0.0 |       0 |       5 |   0.0 |    22
               +---------+---------+-------+---------+---------+-------+---------
